Map: Eternal Empire LE

Players

LegendofBert

  • Race: Terran Terran
  • League: Master
  • Spawn Location: 7:00

DatBoiNYK - Winner!

  • Race: Zerg Zerg
  • League: Grandmaster
  • Spawn Location: 1:00

VOD

Have the link to the VOD?

Description

Time

  • Played on: Dec. 16, 2019, 9:40 a.m.
  • Length: 18:37
Show
View Real Time Build Order
Export as new Build Order

LegendofBert Terran 

Build Orders: Reaper Expand 

Get SALT Encoding   

  12  0:00  SCV  
  13  0:13  SCV  
  14  0:18  Supply Depot  
  14  0:25  SCV  
  15  0:39  Refinery  
  15  0:41  Barracks  
  15  0:44  SCV  
  16  0:56  SCV  
  17  1:08  SCV  
  18  1:28  Orbital Command, Reaper  
  19  1:43  Command Center  
  19  1:54  SCV  
  20  2:03  Factory  
  20  2:06  SCV  
  21  2:09  Refinery  
  21  2:16  Supply Depot  
  21  2:18  SCV  
  21  2:22  Barracks Reactor  
  22  2:34  SCV  
  23  2:46  SCV  
  23  2:47  Starport  
  24  2:58  SCV  
  25  3:08  Orbital Command, Hellion x2  
  25  3:10  Marine  
  30  3:26  Fusion Core, SCV  
  31  3:28  Marine  
  31  3:30  Hellion  
  31  3:33  Hellion  
  36  3:35  SCV  
  36  3:38  SCV  
  36  3:39  Starport Tech Lab  
  38  3:47  SCV  
  39  3:50  SCV  
  39  3:55  Supply Depot  
  39  3:58  Supply Depot  
  39  3:59  SCV  
  39  4:02  SCV  
  41  4:12  SCV  
  41  4:17  Battlecruiser  
  48  4:18  SCV  
  48  4:24  SCV  
  50  4:31  SCV  
  51  4:36  SCV  
  51  4:37  Command Center  
  52  4:40  Refinery  
  52  4:42  Refinery  
  52  4:43  SCV  
  53  4:48  SCV  
  54  4:54  Hellion x2  
  54  4:55  SCV  
  54  4:56  Supply Depot  
  59  5:02  SCV, Supply Depot  
  60  5:08  Armory  
  60  5:12  Weapon Refit  
  60  5:13  SCV  
  61  5:14  SCV  
  62  5:30  Battlecruiser  
  68  5:39  Hellion x2  
  68  5:40  SCV x2  
  74  5:50  Orbital Command  
  74  5:52  SCV, Factory  
  75  5:57  Factory  
  75  6:02  Hellion x2  
  79  6:05  SCV  
  79  6:07  Supply Depot  
  80  6:13  SCV  
  73  6:34  Battlecruiser, Hellion x2  
  79  6:47  SCV, Factory Tech Lab  
  69  6:48  SCV  
  69  6:56  Hellion x2, Factory Tech Lab  
  69  6:59  SCV  
  74  7:07  Orbital Command  
  77  7:10  Cyclone  
  77  7:14  SCV  
  78  7:17  Hellion x2  
  78  7:19  SCV  
  78  7:20  Terran Vehicle Weapons Level 1  
  83  7:23  Armory  
  83  7:26  Cyclone  
  86  7:34  SCV  
  86  7:35  SCV  
  88  7:38  SCV  
  88  7:39  Hellion x2  
  88  7:41  Battlecruiser  
  88  7:43  Refinery  
  99  7:45  Supply Depot  
  99  7:46  Supply Depot  
  99  7:47  SCV x2  
  101  7:53  Refinery  
  101  7:59  Cyclone, SCV x3  
  101  8:00  Hellion  
  101  8:05  Mag-Field Accelerator  
  109  8:07  Cyclone, Hellion  
  109  8:09  Supply Depot  
  109  8:10  Supply Depot  
  109  8:11  SCV x3, Supply Depot  
  109  8:12  Terran Vehicle And Ship Armor Level 1  
  117  8:14  Supply Depot  
  117  8:23  SCV x3  
  120  8:33  Supply Depot  
  120  8:34  Siege Tank  
  120  8:35  SCV  
  120  8:37  SCV  
  120  8:39  Siege Tank  
  120  8:40  Factory  
  128  8:43  SCV  
  128  8:47  SCV, Engineering Bay  
  130  8:50  Supply Depot  
  131  8:55  SCV  
  131  8:58  Hellion x2  
  131  8:59  SCV  
  131  9:00  SCV  
  137  9:04  Supply Depot  
  137  9:06  Siege Tank  
  137  9:07  SCV  
  141  9:11  Siege Tank  
  141  9:16  Missile Turret  
  144  9:17  Supply Depot  
  144  9:19  Missile Turret  
  144  9:20  Missile Turret x2  
  144  9:21  Missile Turret  
  144  9:22  Missile Turret  
  144  9:24  Missile Turret  
  144  9:25  Missile Turret, SCV x2  
  146  9:38  Siege Tank  
  146  9:41  Missile Turret  
  146  9:43  Command Center  
  149  9:46  Factory Tech Lab  
  149  9:47  Siege Tank  
  149  9:48  Hellion x2  
  149  9:50  Factory  
  156  10:09  Cyclone  
  156  10:10  Siege Tank  
  156  10:11  Hellion x2  
  166  10:15  Supply Depot x2  
  166  10:19  Siege Tank  
  166  10:20  Viking  
  171  10:21  Terran Vehicle Weapons Level 2, SCV x2  
  171  10:22  Terran Vehicle And Ship Armor Level 2  
  173  10:34  Factory  
  173  10:35  Factory  
  173  10:40  Sensor Tower  
  173  10:52  Thor x2  
  173  10:55  Hellion x2  
  185  11:10  Thor  
  163  11:25  Hellion x3, Factory Tech Lab  
  163  11:35  Siege Tank  
  163  11:41  Siege Tank  
  143  11:58  Thor x2  
  143  11:59  Hellion x2  
  136  12:07  Thor  
  125  12:12  Planetary Fortress  
  125  12:14  Hellion  
  127  12:20  Hellion x2  
  127  12:22  Unknown  
  131  12:23  Hellbat x2  
  135  12:35  Hellion  
  137  12:41  Hellion  
  137  12:44  Siege Tank, Factory Tech Lab  
  134  12:45  Hellbat x2  
  134  12:49  Factory Tech Lab  
  134  12:50  Siege Tank, SCV x2  
  139  12:56  Siege Tank  
  142  13:02  Cyclone  
  133  13:06  Hellion  
  133  13:07  Hellion  
  133  13:08  Siege Tank  
  127  13:15  SCV  
  127  13:16  Siege Tank, SCV  
  132  13:21  Siege Tank  
  132  13:22  Cyclone  
  138  13:28  Siege Tank  
  141  13:34  Siege Tank, Hellbat  
  141  13:35  Hellbat  
  141  13:40  Siege Tank  
  141  13:41  Hellion x2  
  150  13:48  Hellbat, Terran Vehicle Weapons Level 3  
  152  13:50  Terran Vehicle And Ship Armor Level 3  
  152  13:53  Cyclone  
  152  13:55  Hellbat  
  157  13:56  Hellbat x2  
  157  13:58  SCV  
  157  14:00  Siege Tank  
  165  14:12  Siege Tank x2  
  165  14:15  Orbital Command  
  160  14:28  Siege Tank, Hellbat x2  
  144  14:40  SCV  
  144  14:45  Command Center  
  142  14:46  Command Center  
  142  14:50  Cyclone x2  
  142  14:51  Hellbat x4  
  156  14:58  Supply Depot x3  
  156  15:02  Supply Depot  
  156  15:07  Hellbat, SCV x3  
  156  15:08  Siege Tank  
  156  15:12  Hellbat x2  
  154  15:19  Siege Tank, SCV  
  158  15:22  Hellbat x2, Supply Depot  
  158  15:23  Hellbat, Supply Depot  
  161  15:29  Refinery, Hellbat, SCV x2  
  160  15:40  Cyclone  
  160  15:41  Hellbat x2  
  160  15:42  SCV x2  
  158  15:43  Cyclone x2  
  157  15:55  Cyclone x2  
  157  15:56  Hellion  
  159  16:02  Hellion  
  161  16:14  Cyclone  
  161  16:15  Siege Tank, Cyclone  
  161  16:16  Hellion  
  161  16:17  Hellbat  
  162  16:18  SCV x2  
  137  16:34  Siege Tank x2  
  137  16:37  Hellion  
  137  16:38  Siege Tank  
  127  16:53  Cyclone x2  
  133  16:54  SCV  
  132  17:13  Siege Tank x2, Thor  
  136  17:20  SCV  
  137  17:25  Thor  
  128  17:40  Siege Tank  
  128  17:41  Hellion x2  
  130  17:45  Siege Tank  
  133  17:53  Engineering Bay  
  133  17:56  Refinery  
  133  18:02  Hellion x2  
  133  18:05  Refinery  
  136  18:09  Refinery  
  133  18:17  Command Center  
Show
View Real Time Build Order
Export as new Build Order

DatBoiNYK Zerg - Winner!

Build Orders: Hatch First, Swarm Host 

Get SALT Encoding   

  12  0:01  Drone  
  13  0:13  Overlord  
  13  0:18  Drone  
  14  0:31  Drone x2  
  16  0:48  Hatchery  
  15  0:51  Drone  
  15  0:55  Drone  
  17  0:59  Drone  
  18  1:09  Extractor  
  17  1:14  Spawning Pool  
  17  1:18  Drone  
  17  1:20  Drone  
  18  1:28  Drone  
  19  1:40  Drone  
  20  1:49  Overlord  
  20  2:00  Queen  
  20  2:01  Zergling x2, Queen  
  22  2:02  Zergling x2  
  26  2:19  Drone x2  
  26  2:20  Metabolic Boost  
  28  2:36  Drone x2  
  30  2:46  Hatchery  
  30  2:50  Queen  
  31  2:54  Overlord  
  31  2:56  Drone x2  
  33  3:02  Pneumatized Carapace  
  33  3:07  Overlord  
  33  3:09  Drone  
  33  3:10  Drone  
  35  3:25  Queen  
  37  3:33  Drone x7  
  44  3:44  Overlord  
  44  3:50  Queen  
  44  3:53  Drone x2  
  44  3:55  Baneling Nest  
  47  4:04  Queen  
  49  4:12  Overlord  
  49  4:13  Zergling x2  
  49  4:14  Zergling x10  
  49  4:16  Overlord  
  55  4:24  Queen  
  57  4:32  Spore Crawler, Drone x5  
  57  4:33  Drone x3  
  64  4:55  Spore Crawler  
  64  4:58  Lair  
  63  5:00  Spore Crawler, Queen  
  63  5:04  Drone x10  
  63  5:06  Drone  
  75  5:07  Drone  
  75  5:10  Overlord  
  75  5:20  Queen  
  77  5:23  Extractor x2  
  75  5:31  Baneling x3  
  75  5:53  Roach Warren, Drone x11  
  75  5:54  Evolution Chamber x2  
  75  5:56  Queen  
  83  5:58  Drone  
  83  5:59  Extractor, Drone x2  
  83  6:01  Queen  
  89  6:14  Hatchery  
  89  6:16  Extractor  
  89  6:17  Zergling x2, Extractor  
  89  6:18  Zergling x6  
  90  6:20  Baneling  
  90  6:21  Baneling  
  84  6:38  Zergling x8  
  84  6:43  Queen x2  
  84  6:44  Queen  
  86  6:53  Spire  
  85  6:57  Overlord, Drone x4  
  85  6:58  Overlord x2  
  88  7:08  Glial Reconstitution  
  88  7:10  Zerg Missile Weapons Level 1, Zerg Melee Weapons Level 1  
  86  7:15  Hatchery  
  86  7:18  Drone x6  
  86  7:19  Queen  
  95  7:23  Drone  
  95  7:24  Drone x4  
  100  7:32  Overlord x3  
  98  7:52  Roach x12  
  121  8:00  Centrifical Hooks  
  121  8:06  Drone x2  
  121  8:07  Drone  
  121  8:10  Zerg Flyer Armor Level 1, Overlord x3  
  124  8:26  Corruptor  
  124  8:27  Corruptor x4  
  124  8:32  Drone x3  
  124  8:33  Drone x2  
  137  8:44  Corruptor  
  137  8:45  Corruptor x3  
  145  8:52  Infestation Pit  
  144  8:57  Unknown  
  143  9:08  Hatchery  
  141  9:10  Roach  
  141  9:11  Roach x7  
  141  9:13  Hatchery  
  156  9:31  Nydus Network, Hive  
  156  9:37  Ravager x4  
  156  9:38  Overlord x4  
  159  9:39  Overlord x3  
  159  9:44  Overlord  
  159  9:45  Overlord  
  159  9:54  Overlord  
  159  9:56  Overlord  
  159  9:57  Zerg Melee Weapons Level 2  
  159  9:58  Zerg Missile Weapons Level 2  
  159  10:02  Corruptor x3  
  159  10:03  Corruptor  
  159  10:09  Swarm Host x3  
  159  10:11  Swarm Host  
  171  10:19  Swarm Host x2  
  177  10:30  Nydus Canal  
  177  10:33  Ravager x2  
  177  10:34  Zergling x10  
  177  10:35  Zergling x26  
  195  10:50  Nydus Canal  
  195  10:54  Baneling  
  195  10:55  Baneling x13  
  189  11:10  Nydus Canal  
  178  11:19  Roach x11  
  191  11:36  Swarm Host  
  191  11:37  Swarm Host  
  189  11:54  Zergling x16  
  189  11:55  Zergling x12  
  183  12:05  Swarm Host  
  183  12:06  Swarm Host x3  
  187  12:20  Ravager x10  
  197  12:25  Queen  
  197  12:38  Nydus Canal  
  197  12:40  Baneling x13  
  197  12:44  Hatchery  
  196  12:48  Pathogen Glands  
  191  13:00  Extractor  
  191  13:03  Roach x9, Extractor  
  183  13:17  Zerg Melee Weapons Level 3  
  174  13:24  Roach  
  174  13:25  Roach x11  
  198  13:29  Zergling x2  
  199  13:43  Greater Spire  
  199  13:44  Neural Parasite  
  199  14:05  Overseer  
  199  14:09  Extractor  
  198  14:10  Extractor  
  197  14:22  Zergling x4  
  189  14:37  Roach x22  
  192  14:44  Roach x9, Zergling x2  
  199  14:49  Nydus Canal  
  191  15:12  Ravager x9  
  191  15:13  Ravager x2  
  191  15:14  Ravager x4  
  186  15:18  Nydus Canal  
  185  15:22  Roach x7  
  168  15:33  Zergling x16  
  168  15:34  Zergling x22  
  172  15:44  Roach x8  
  172  15:48  Queen  
  176  15:58  Ravager x5  
  181  16:05  Roach  
  181  16:06  Roach x9  
  181  16:08  Baneling x9  
  183  16:34  Roach x8  
  198  16:42  Nydus Canal  
  198  16:45  Ravager x5  
  199  16:49  Overlord  
  199  16:50  Overlord x3  
  193  17:10  Zergling x2  
  193  17:11  Zergling x22  
  197  17:23  Zergling x4  
  193  17:40  Corruptor x6  
  199  17:46  Baneling x16  
  193  18:20  Spire  
  193  18:25  Nydus Canal  
Tags
 
Add a new tag
Caveats
  • Supply blocks, unpowered buildings, or Contaminate may cause inaccurate times.
  • Supply counts are checked every 10 seconds.